[ AOE2 MATCH · #494707015 ]
UnrankedChinese vs Tatars
Player's team · WIN
Rival team · LOSS
[ REPLAY ANALYSIS · EXTRACTED FROM THE RECORDED GAME ]
Feudal
—
Castle
—
Imperial
—
| APM avg | 62.4 |
| APM peak | 96 |
| eAPM avg | 25.9 |
| Villagers / military | 33 / 0 |
Focus
⚔️ 27.7% · 🌾 72.3%
Feudal
9:31
Castle
—
Imperial
—
| APM avg | 57.1 |
| APM peak | 96 |
| eAPM avg | 20.5 |
| Villagers / military | 27 / 1 |
Focus
⚔️ 27.0% · 🌾 73.0%
Spearman ×1
Match map
Initial resources + every placement click. Lines = walls · curves = elevation contours. ◆ gold · ⬟ stone · ● berries · ✦ relic · ◌ wall gap
Your base· Open — 12t gap
Grrgrag's base· Open — 8t gap
Smoothed initial terrain · ◌ = detected wall gap · hover for details
Inputs per minute
— McNut - - Grrgrag
Build order — McNut
57 actions detected in the replay
| 0:16 | Research | Loom |
| 0:16 | Research | Loom |
| 0:49 | Create | Villager (Male) |
| 1:09 | Create | Villager (Male) |
| 1:19 | Build | Lumber Camp |
| 1:32 | Create | Villager (Male) |
| 1:54 | Create | Villager (Male) |
| 2:16 | Create | Villager (Male) |
| 2:43 | Create | Villager (Male) |
| 3:06 | Create | Villager (Male) |
| 3:35 | Build | House |
| 3:39 | Create | Villager (Male) |
| 3:40 | Create | Villager (Male) |
| 3:43 | Build | House |
| 4:01 | Create | Villager (Male) |
| 4:13 | Build | House |
| 4:29 | Create | Villager (Male) |
| 4:31 | Create | Villager (Male) |
| 4:36 | Build | House |
| 5:22 | Build | Mill |
| 5:48 | Create | Villager (Male) |
| 5:50 | Create | Villager (Male) |
| 6:38 | Create | Villager (Male) |
| 7:00 | Create | Villager (Male) |
| 7:41 | Build | Town Center |
| 8:24 | Create | Villager (Male) |
| 8:34 | Create | Villager (Male) |
| 8:40 | Build | House |
| 8:41 | Build | Palisade Wall |
| 8:54 | Create | Villager (Male) |
| 9:03 | Build | Palisade Wall |
| 9:07 | Create | Villager (Male) |
| 9:11 | Create | Villager (Male) |
| 9:17 | Build | Palisade Wall |
| 9:20 | Create | Villager (Male) |
| 9:51 | Build | Palisade Wall |
| 10:03 | Create | Villager (Male) |
| 10:39 | Create | Villager (Male) |
| 11:13 | Create | Villager (Male) |
| 11:32 | Create | Villager (Male) |
| 12:33 | Build | Palisade Wall |
| 12:33 | Build | Palisade Wall |
| 12:34 | Create | Villager (Male) |
| 13:08 | Create | Villager (Male) |
| 13:49 | Build | Palisade Wall |
| 13:51 | Build | Palisade Wall |
| 13:51 | Build | Palisade Wall |
| 13:52 | Create | Villager (Male) |
| 13:59 | Create | Villager (Male) |
| 14:03 | Build | House |
| 14:29 | Build | House |
| 14:31 | Build | Palisade Wall |
| 14:33 | Build | Palisade Wall |
| 14:43 | Create | Villager (Male) |
| 14:50 | Build | House |
| 14:51 | Create | Villager (Male) |
| 15:38 | Create | Villager (Male) |
Build order — Grrgrag
43 actions detected in the replay
| 0:00 | Create | Villager (Male) |
| 0:01 | Create | Villager (Male) |
| 0:01 | Create | Villager (Male) |
| 0:01 | Create | Villager (Male) |
| 0:03 | Build | House |
| 0:04 | Build | House |
| 1:25 | Create | Villager (Male) |
| 1:25 | Create | Villager (Male) |
| 1:54 | Create | Villager (Male) |
| 1:54 | Create | Villager (Male) |
| 1:54 | Create | Villager (Male) |
| 2:20 | Create | Villager (Male) |
| 2:20 | Create | Villager (Male) |
| 2:51 | Build | Lumber Camp |
| 2:54 | Create | Villager (Male) |
| 2:54 | Create | Villager (Male) |
| 3:22 | Build | House |
| 3:41 | Create | Villager (Male) |
| 3:42 | Create | Villager (Male) |
| 3:42 | Create | Villager (Male) |
| 4:21 | Create | Villager (Male) |
| 4:21 | Create | Villager (Male) |
| 5:16 | Create | Villager (Male) |
| 5:16 | Create | Villager (Male) |
| 5:45 | Create | Villager (Male) |
| 6:07 | Create | Villager (Male) |
| 6:13 | Research | Loom |
| 6:28 | Build | Barracks |
| 6:37 | Build | House |
| 6:51 | Create | Villager (Male) |
| 7:21 | Research | Feudal Age |
| 7:21 | Research | Feudal Age |
| 7:33 | Build | House |
| 7:56 | Build | House |
| 8:55 | Create | Villager (Male) |
| 8:56 | Create | Villager (Male) |
| 9:31 | Age | Feudal Age |
| 9:37 | Build | Watch Tower |
| 9:40 | Research | Double-Bit Axe |
| 9:40 | Research | Double-Bit Axe |
| 10:04 | Create | Spearman |
| 10:27 | Create | Villager (Male) |
| 10:27 | Create | Villager (Male) |
Match timeline
| 6:28 | Grrgrag · first_building Barracks |
| 8:41 | McNut · wall_segment Palisade Wall x1 |
| 9:03 | McNut · wall_segment Palisade Wall x4 |
| 9:17 | McNut · wall_segment Palisade Wall x1 |
| 9:31 | Grrgrag · age_up feudal |
| 9:51 | McNut · wall_segment Palisade Wall x3 |
| 12:33 | McNut · wall_segment Palisade Wall x8 |
| 12:33 | McNut · wall_segment Palisade Wall x2 |
| 13:49 | McNut · wall_segment Palisade Wall x1 |
| 13:51 | McNut · wall_segment Palisade Wall x1 |
| 13:51 | McNut · wall_segment Palisade Wall x1 |
| 14:31 | McNut · wall_segment Palisade Wall x1 |
| 14:33 | McNut · wall_segment Palisade Wall x1 |
| 15:54 | Grrgrag · resign |
[ AI ANALYSIS · 1 CREDIT ]
What really happened in this match?
Wolo.gg analyzes every decision: build order, eco, micro, common mistakes by bracket. Personalized analysis on WhatsApp or Discord in 30 seconds.
Civ guide
Chinese
Perfil
RAY (RAY)